 Dungeon Crawl Stone Soup version 0.29.1-15-g9cfb28693d (webtiles) character file.

Game seed: 11231425666853140249

7 Gabide the Trooper (level 2, -1/32 HPs)
             Began as an Ogre Delver on Apr 26, 2023.
             Slain by an iguana (15 damage)
             ... on level 5 of the Dungeon.
             The game lasted 00:00:59 (348 turns).

Gabide the Trooper (Ogre Delver)                     Turns: 348, Time: 00:00:59

Health: -1/32      AC:  3    Str: 15    XL:     2   Next: 4%
Magic:  2/2        EV: 10    Int: 11    God:
Gold:   9          SH:  0    Dex: 10    Spells: 1/1 levels left

rFire   . . .      SeeInvis .   a - +0 mace
rCold   . . .      Faith    .   (no shield)
rNeg    . . .      Spirit   .   b - +0 robe
rPois   .          Reflect  .   (helmet restricted)
rElec   .          Harm     +   h - scarf {harm}
rCorr   .          Rampage  .   (gloves unavailable)
Will    .....                   (boots unavailable)
Stlth   ++........              (no amulet)
HPRegen 0.10/turn               (no ring)
MPRegen 0.08/turn               (no ring)

@: hasted, very quick
A: large, unfitting armour, tough skin 1
a: no special abilities


You were on level 5 of the Dungeon.
You visited 1 branch of the dungeon, and saw 1 of its levels.

You collected 9 gold pieces.

Inventory:

Hand Weapons
 a - a +0 mace (weapon)
Armour
 b - a +0 robe (worn)
 h - a scarf of harm (worn)
Wands
 g - a wand of digging (3)
Scrolls
 c - a scroll of fog
 d - a scroll of magic mapping
 e - a scroll of fear


   Skills:
 + Level 4.2 Fighting
 + Level 2.0 Maces & Flails
 + Level 2.0 Dodging
 - Level 3.7 Stealth


You had one spell level left.
You didn't know any spells.
Your spell library was empty.

Dungeon Overview and Level Annotations

Branches:
Dungeon (5/15)
 Temple: D:4-7

Altars:

Shops:
D:5 ?

Annotations:
D:5 exclusion: howler monkey


Innate Abilities, Weirdness & Mutations

You are too large for most types of armour.
You have tough skin. (AC +1)


Message History

Unknown command.
Unknown command.
Okay, then.
Unknown command.
Found a ring mail.
You now have 9 gold pieces.
You see here a scarf of harm.
The iguana hisses angrily.
You see here a scarf of harm.
h - a scarf of harm
Press: ? - help, v - describe, . - travel
Here: an iguana The floor.
Unknown command.
You start putting on your armour.
You continue putting on your scarf of harm. x4
The iguana completely misses you.
You finish putting on your scarf of harm.
Okay, then.
You feel yourself speed up. The iguana bites you!
You barely miss the iguana. The iguana barely misses you.
You hit the iguana but do no damage. The iguana barely misses you.
You hit the iguana.
The iguana is moderately wounded.
The iguana bites you.
You hit the iguana.
The iguana is severely wounded.
The iguana closely misses you.
You barely miss the iguana.
The iguana is severely wounded.
The iguana bites you.
You hit the iguana.
The iguana is almost dead.
The iguana bites you.
You barely miss the iguana.
The iguana is almost dead.
You hit the iguana but do no damage.
The iguana is almost dead.
The iguana bites you!
You die...

..........................
..........................
..........................
.....................####.
........................+.
........................#.
........................#.
........l..[............#.
.........@............###.
..........................
..........................
..........................
..........................
..........................
.....................#####
..........................
.#......##..............##


You could see an iguana.

Vanquished Creatures
  A white imp (D:5)
1 creature vanquished.

Notes
Turn   | Place    | Note
-------+----------+-------------------------------------------
     0 | D:5      | Gabide the Ogre Delver began the quest for the Orb.
     0 | D:5      | Reached XP level 1. HP: 24/24 MP: 1/1
     9 | D:5      | Found Bureogh's Magic Scroll Shoppe.
    24 | D:5      | Reached XP level 2. HP: 8/32 MP: 2/2
   296 | D:5      | Noticed a howler monkey
   348 | D:5      | Slain by an iguana

Illustrated notes

Levels and vault maps discovered:
D:5:      layout_gridville, serial_shops, nicolae_shop_behind_doors,
          minmay_misc_feat_cross, wad_floor_pattern_2

Skill      XL: |  1 |
---------------+----+-----
Maces & Flails | 2 |  2.0
Dodging        | 2 |  2.0
Fighting       | |  4.2
Stealth        | |  3.7

Action                   || total
-------------------------++-------
Melee: Mace              ||    14
  Use: Potion            ||     1
Armor: Robe              ||     1
Dodge: Dodged            ||     7
